AoeStats
← jude__88

Hideout

510128961Analyzed
1v1 RM · 3d ago on Sep 29, 2026· 27m 59s· 2 players
Game mode
Random Map
Map size
Tiny (2 player)
Population
200
Speed
Normal
Resources
Standard
Victory
Conquest
Starting age
Dark Age
Ending age
Imperial Age
RankedLock teamsTeams togetherTeam positionsShared explorationLock speedFull tech treeHidden civsTurbo modeCheats
Victory
Defeat
🇺🇸 Spanish · United States
532
+19
🇫🇷 Celts · France
593
-39
jude__88
11:58 Feudal Age
13:12 Double-Bit Axe
13:49 Man-at-Arms
16:14 Wheelbarrow
17:02 Town Watch
17:35 Horse Collar
20:13 Gold Mining
20:14 Stone Mining
26:53 Castle Age
GimmeYourTots
9:12 Loom
11:18 Feudal Age
12:04 Loom
12:55 Wheelbarrow
13:20 Padded Archer Armor
14:22 Fletching
14:24 Double-Bit Axe
15:01 Town Watch
18:29 Forging
18:24 Scale Barding Armor
18:23 Horse Collar
22:47 Castle Age
20:50 Stone Mining
21:32 Bloodlines
21:50 Gold Mining
24:11 Husbandry
24:20 Thumb Ring
26:41 Bow Saw
27:59 Leather Archer Armor
Connection lost

Rejoining the realm…

Still unreachable

The connection could not be restored.

Session expired

The server has moved on; the page needs a fresh start.